 Dungeon Crawl Stone Soup version 0.26-a0-1101-g8f9f7f7418 (webtiles) character file.

Game seed: 6933479476944875291

46 kae the Skirmisher (level 3, -2/33 HPs)
             Began as a Hill Orc Fighter on Dec 15, 2020.
             Slain by a worm (8 damage)
             ... on level 2 of the Dungeon.
             The game lasted 00:00:23 (955 turns).

kae the Skirmisher (Hill Orc Fighter)                Turns: 955, Time: 00:00:24

Health: -2/33      AC:  6    Str: 19    XL:     3   Next: 66%
Magic:  3/3        EV:  7    Int:  8    God:
Gold:   113        SH:  9    Dex: 10    Spells: 2/2 levels left

rFire    . . .     SeeInvis .   a - +0 war axe
rCold    . . .     Faith    .   c - +0 kite shield
rNeg     . . .     Spirit   .   b - +0 scale mail
rPois    .         Reflect  .   (no helmet)
rElec    .         Harm     .   (no cloak)
rCorr    .         Rampage  .   (no gloves)
Will     .....                  (no boots)
Stlth    ..........             (no amulet)
HPRegen  0.11/turn              (no ring)
MPRegen  0.08/turn              (no ring)

@: no status effects
A: no striking features
a: no special abilities


You were on level 2 of the Dungeon.
You visited 1 branch of the dungeon, and saw 2 of its levels.

You collected 113 gold pieces.

Inventory:

Hand Weapons
 a - a +0 war axe (weapon)
Armour
 b - a +0 scale mail (worn)
 c - a +0 kite shield (worn)
Jewellery
 k - an uncursed ring of flight {unknown}
 l - an uncursed ring of magical power {unknown}
Scrolls
 e - 3 scrolls of identify {unknown}
 h - a scroll of remove curse {unknown}
 m - a scroll of fog {unknown}
 n - 2 scrolls of teleportation {unknown}
Potions
 d - a potion of might
 f - a potion of magic {unknown}
 g - a potion of haste {unknown}
 i - a potion of resistance {unknown}
 j - a potion of curing {unknown}
 o - a potion of brilliance {unknown}


   Skills:
 + Level 4.1 Fighting
 * Level 3.9 Axes
 + Level 3.6 Armour
 + Level 0.8 Dodging
 - Level 3.2 Shields


You had 2 spell levels left.
You didn't know any spells.
Your spell library was empty.

Dungeon Overview and Level Annotations

Branches:
Dungeon (2/15)

Altars:


Message History

The worm is moderately wounded.
You slash the worm!
You kill the worm!
The bat hits you but does no damage. You block the worm's attack.
You barely miss the worm.
The worm is lightly wounded.
The bat hits you.
* * * LOW HITPOINT WARNING * * *
The bat hits you but does no damage. The worm bites you.
* * * LOW HITPOINT WARNING * * *
The bat barely misses you.
Your shield prevents you from hitting the worm.
The worm is lightly wounded.
You slash the bat!
You kill the bat!
The worm bites you but does no damage.
Your shield and scale mail prevent you from hitting the worm.
The worm is lightly wounded.
The worm bites you!
You die...

##.## #.#
#.# #.#
#.#######
#........
#.######.
#.####...
#@†......
#w†..####
...###
.....
......#
.###....
.. .....#
#. ......


You could see a worm.

Vanquished Creatures
  An ooze (D:1)
  A worm (D:2)
  A dart slug (D:2)
  A leopard gecko (D:1)
  3 bats
  3 giant cockroaches (D:1)
  8 hobgoblins (D:1)
  3 jackals (D:1)
  A ball python (D:1)
  2 frilled lizards
  3 goblins (D:1)
  3 kobolds (D:1)
  2 rats (D:1)
32 creatures vanquished.

Notes
Turn   | Place    | Note
-------+----------+-------------------------------------------
     0 | D:1      | kae the Hill Orc Fighter began the quest for the Orb.
     0 | D:1      | Reached XP level 1. HP: 19/19 MP: 1/1
    92 | D:1      | Reached XP level 2. HP: 19/27 MP: 2/2
   475 | D:1      | Reached XP level 3. HP: 33/33 MP: 3/3
   491 | D:1      | Reached skill level 4 in Fighting
   955 | D:2      | Slain by a worm

Illustrated notes

Levels and vault maps discovered:
D:1:      shiori_arrival_elements, layout_rooms, ebering_dispersal_statue_hall,
          roderic_serpentine_path
D:2:      layout_loops_ring, lemuel_coloured_pillars_altar,
          chequers_ecumenical_altar_grove, minmay_pentomino_x4

Skill      XL: |  1  2  3 |
---------------+----------+-----
Axes           | 3 |  3.9
Fighting       | 4 |  4.1
Armour         | |  3.6
Dodging        | |  0.8
Shields        | |  3.2

Action                   || total
-------------------------++-------
Melee: War axe           ||    83
Armor: Scale mail        ||    33
Dodge: Dodged            ||    25
Block: Kite shield       ||    41

Table legend: (Time is in decaauts)
 A = Elapsed time spent in this place.
 B = Non-inter-level travel time spent in this place.
 C = Inter-level travel time spent in this place.
 D = Time resting spent in this place.
 E = Time spent auto-exploring this place.
 F = Levels seen in this place.
 G = Mean time per level.
                   A        B        C        D        E       F      G
               +--------+--------+--------+--------+--------+-----+--------+
         Total |    988 |    982 |      6 |      0 |    793 |   2 |  494.0 |
       Dungeon |    988 |    982 |      6 |      0 |    793 |   2 |  494.0 |
               +--------+--------+--------+--------+--------+-----+--------+

Top non-repeatable levels by time:
     D:1: 852 daAuts
     D:2: 135 daAuts
